 Dungeon Crawl Stone Soup version 0.20-a0-544-g2b9a704 (webtiles) character file.

210 HallandMoats the Skirmisher (level 5, -2/42 HPs)
             Began as a Mummy Monk on Feb 1, 2017.
             Was a Believer of Dithmenos.
             Slain by Grinder (5 damage)
             ... on level 3 of the Dungeon.
             The game lasted 00:06:17 (3656 turns).

HallandMoats the Skirmisher (Mummy Monk)            Turns: 3656, Time: 00:06:18

Health: -2/42      AC:  7    Str: 14    XL:     5   Next: 57%
Magic:  5/5        EV: 11    Int: 10    God:    Dithmenos [**....]
Gold:   214        SH:  0    Dex: 15    Spells: 4/4 levels left

rFire    x . .     SeeInvis .   i - +2 dagger (vamp)
rCold    + . .     Gourm    .   l - +0 ring mail
rNeg     + + +     Faith    .   (no shield)
rPois    ∞         Spirit   .   j - +1 helmet
rElec    .         Reflect  .   (no cloak)
rCorr    .         Harm     .   (no gloves)
MR       .....                  (no boots)
Stlth    +.........             (no amulet)
Regen    0.2/turn               h - ring of loudness (curse)
                                c - ring of flight

@: wreathed by umbra
A: no food or potions, fire vulnerability, cold resistance 1, negative energy
resistance 3, torment resistance, unbreathing
a: Shadow Step, Renounce Religion, Evoke Flight


You were on level 3 of the Dungeon.
You worshipped Dithmenos.
Dithmenos was pleased with you.
You were not hungry.

You visited 1 branch of the dungeon, and saw 3 of its levels.

You collected 214 gold pieces.

Inventory:

Hand Weapons
 a - a cursed -3 long sword
 i - a +2 vampiric dagger (weapon)
Missiles
 b - 2 throwing nets (quivered)
Armour
 j - a +1 helmet (worn)
 l - a +0 ring mail (worn)
Jewellery
 c - a ring of flight (left hand)
 h - a cursed ring of loudness (right hand)
Scrolls
 d - 5 scrolls of identify
 e - 3 scrolls of recharging
 g - 3 scrolls of teleportation


   Skills:
 + Level 4.0 Fighting
 * Level 3.5 Short Blades
 - Level 2.4 Dodging
 * Level 3.6 Stealth


You had 4 spell levels left.
You didn't know any spells.

Dungeon Overview and Level Annotations

Branches:
Dungeon (3/15)

Altars:
Dithmenos
Qazlal
Ru

Annotations:
D:3 Grinder


Innate Abilities, Weirdness & Mutations

You do not eat or drink.
Your flesh is vulnerable to fire.
You are immune to poison.
Your flesh is cold resistant. (rC+)
You are immune to negative energy. (rN+++)
You are immune to unholy pain and torment.
You can survive without breathing.


Message History

You barely miss the adder.
The adder is severely wounded.
The adder bites you but does no damage. Grinder hits you.
* * * LOW HITPOINT WARNING * * *
You hit the adder.
You feel better.
The adder is severely wounded.
The adder bites you but does no damage. Grinder hits you but does no damage.
You hit the adder but do no damage.
The adder is severely wounded.
The adder barely misses you. Grinder hits you.
* * * LOW HITPOINT WARNING * * *
You miss the adder.
The adder is severely wounded.
The adder bites you.
* * * LOW HITPOINT WARNING * * *
The adder bites you but does no damage.
You closely miss the adder.
The adder is severely wounded.
Grinder hits you.
You die...

#.##.###.# #.#
#.##5# #.# #..
##.##.# ..# #.#
###...#.##..#####.#
#...#.#.##........#
#.#...#5##.#######.
#....†..# # ##.#
#..###### . #.##
#.@# #. ##.# #5S#
####.####. #...#
#.......## #.....
#...... #......
####>## ##......
#..) ##...##
####### ##.##
....... #######


You could see Grinder and an adder.

Vanquished Creatures
  Jessica (D:2)
  Robin (D:2)
  4 gnolls (D:3)
  3 adders
  2 oozes
  3 dart slugs
  3 leopard geckos
  8 bats
  5 giant cockroaches
  14 goblins
  11 hobgoblins
  6 jackals
  5 frilled lizards
  10 kobolds
  9 rats
85 creatures vanquished.

Notes
Turn   | Place    | Note
-------+----------+-------------------------------------------
     0 | D:1      | HallandMoats the Mummy Monk began the quest for the Orb.
     0 | D:1      | Reached XP level 1. HP: 18/18 MP: 1/1
   184 | D:1      | Reached XP level 2. HP: 7/24 MP: 2/2
   991 | D:1      | Reached XP level 3. HP: 25/29 MP: 3/3
  1954 | D:2      | Found a stormy altar of Qazlal.
  2042 | D:2      | Found a sacrificial altar of Ru.
  2074 | D:2      | Reached XP level 4. HP: 28/35 MP: 4/4
  2208 | D:2      | Noticed Robin
  2228 | D:2      | Killed Robin
  2646 | D:2      | Noticed Jessica
  2656 | D:2      | Killed Jessica
  3070 | D:3      | Found a shadowy altar of Dithmenos.
  3099 | D:3      | Became a worshipper of Dithmenos the Shadowed
  3099 | D:3      | Reached * piety under Dithmenos
  3099 | D:3      | Reached ** piety under Dithmenos
  3207 | D:3      | Reached XP level 5. HP: 42/42 MP: 5/5
  3434 | D:3      | Reached skill level 4 in Fighting
  3563 | D:3      | Noticed Grinder
  3565 | D:3      | Paralysed by Grinder for 6 turns
  3643 | D:3      | Paralysed by Grinder for 6 turns
  3656 | D:3      | Slain by Grinder

Vault maps used:
D:1:      tarquinn_simple_flora_water_c
D:2:      lemuel_upstairs_altar, lemuel_doored_altar, first_bread,
          nicolae_ru_sacrificial_ziggurat, uniq_jessica, uniq_robin
D:3:      lemuel_crystal_altar, uniq_grinder

Skill      XL: |  1  2  3  4  5 |
---------------+----------------+-----
Stealth        | 2 3 |  3.6
Short Blades   | 3 |  3.5
Fighting       | 4 |  4.0
Dodging        | |  2.4

Action                   |  1- 3 |  4- 6 || total
-------------------------+-------+-------++-------
Melee: Short sword       |   182 |       ||   182
       Dagger            |    21 |   221 ||   242
  Use: Scroll            |       |     4 ||     4
 Stab: Sleeping          |     2 |       ||     2
Armor: Robe              |    33 |    30 ||    63
       Ring mail         |       |    34 ||    34
Dodge: Dodged            |   130 |   150 ||   280
